 Dungeon Crawl Stone Soup version 0.28-a0-1117-g0bdd5ba030 (webtiles) character file.

Game seed: 5240425362359801089

5661 SensoryNuts the Carver (level 10, -20/88 HPs)
             Began as a Green Draconian Fighter on Dec 11, 2021.
             Was an Elder of the Shining One.
             Demolished by an ettin (30 damage)
             ... on level 1 of the Orcish Mines.
             The game lasted 00:19:03 (10307 turns).

SensoryNuts the Carver (Green Draconian Fighter)   Turns: 10307, Time: 00:19:03

Health: -20/88     AC:  9    Str: 21    XL:     10   Next: 47%
Magic:  10/10      EV: 15    Int: 11    God:    the Shining One [****..]
Gold:   628        SH:  0    Dex: 18    Spells: 9/9 levels left

rFire   + . .      SeeInvis .   B - +7 dire flail (freeze)
rCold   . . .      Faith    .   (shield currently unavailable)
rNeg    + + .      Spirit   .   (armour unavailable)
rPois   +          Reflect  .   l - +2 hat
rElec   .          Harm     .   (no cloak)
rCorr   .          Rampage  .   (no gloves)
Will    .....                   (no boots)
Stlth   +.........              (no amulet)
HPRegen 0.24/turn               d - ring "Rafeoj" {rF+ Int+2 Dex+6}
MPRegen 0.12/turn               (no ring)

@: about to teleport, glowing
A: breathe noxious fumes, AC +7, unfitting armour, poison resistance,
cold-blooded
a: Breathe Noxious Fumes, Renounce Religion, Divine Shield, Cleansing Flame


You were on level 1 of the Orcish Mines.
You worshipped the Shining One.
The Shining One was greatly pleased with you.
You visited 3 branches of the dungeon, and saw 11 of its levels.

You collected 628 gold pieces.

Inventory:

Hand Weapons
 a - a +1 long sword
 j - a +5 hand axe
 m - a +1 dagger of holy wrath
 o - a +0 scythe
 y - a +2 whip of venom
 z - a +2 long sword of flaming
 A - a +2 halberd of freezing
 B - a +7 dire flail of freezing (weapon)
 C - a +2 long sword
 D - a +2 war axe of freezing
 E - a +3 spear
 F - a +3 spear
 G - a +3 great sword of freezing
 I - a +2 dagger of speed
Missiles
 u - a throwing net
Armour
 b - a +0 buckler
 l - a +2 hat (worn)
Magical Staves
 e - a staff of poison
Jewellery
 d - the ring "Rafeoj" (left hand) {rF+ Int+2 Dex+6}
   (You acquired it on level 5 of the Dungeon)

   [ring of dexterity]

   Int:       It affects your intelligence (+2).
   Dex:       It affects your dexterity (+6).
   rF:        It protects you from fire.
Wands
 i - a wand of acid (7)
 n - a wand of flame (15) (quivered)
 q - a wand of mindburst (12)
 v - a wand of charming (8)
 w - a wand of iceblast (11)
 x - a wand of digging (7)
Scrolls
 g - 2 scrolls of enchant armour
 h - 2 scrolls of blinking
 k - 2 scrolls of fear
 r - 3 scrolls of identify
Potions
 c - a potion of curing
 f - 3 potions of degeneration
 p - a potion of flight
 s - a potion of resistance
 J - a potion of haste


   Skills:
 + Level 7.9 Fighting
 + Level 10.8 Long Blades
 + Level 4.9 Maces & Flails
 + Level 6.3 Dodging
 + Level 2.7 Stealth
 + Level 5.2 Shields


You had 9 spell levels left.
You didn't know any spells.
Your spell library contained the following spells:

 Spells                   Type           Power      Damage    Failure   Level
 Beastly Appendage        Tmut           0%         N/A       34%         1
 Magic Dart               Conj           0%         1d3       34%         1
 Searing Ray              Conj           0%         2d4       47%         2
 Wereblood                Tmut           0%         N/A       47%         2
 Spider Form              Tmut/Pois      0%         N/A       71%         3
 Tukima's Dance           Hex            0%         N/A       71%         3
 Fulminant Prism          Conj/Hex       0%         3d6       98%         4
 Passage of Golubria      Tloc           0%         N/A       98%         4
 Blade Hands              Tmut           0%         N/A       100%        5
 Yara's Violent Unravell  Hex/Tmut       0%         3d3       100%        5
 Conjure Ball Lightning   Conj/Air       0%         3x3d6     100%        6
 Iron Shot                Conj/Erth      0%         9d1       100%        6
 Chain Lightning          Conj/Air       0%         N/A       100%        9
 Animate Armour           Summ/Erth      Unusable   N/A       N/A         4

Dungeon Overview and Level Annotations

Branches:
Dungeon (9/15)             Temple (1/1) D:5             Orc (1/2) D:9
   Lair: D:8-11

Altars:
Ashenzari
Cheibriados
Dithmenos
Elyvilon
Fedhas
Gozag
Hepliaklqana
Kikubaaqudgha
Makhleb
Nemelex Xobeh
Okawaru
Qazlal
Ru
Sif Muna
Trog
Uskayaw
Vehumet
Wu Jian
Xom
Yredelemnul
Zin
The Shining One

Shops:
D:3 :   D:6 :


Innate Abilities, Weirdness & Mutations

You can breathe blasts of noxious fumes.
Your lurid green scales are hard. (AC +7)
You cannot fit into any form of body armour.
Your system is resistant to poisons. (rPois)
You are cold-blooded and may be slowed by cold attacks.


Message History

You now have 574 gold pieces (gained 20).
Things that are here:
a +0 dagger; an orc skeleton You now have 609 gold pieces (gained 35).
You now have 628 gold pieces (gained 19).
An ettin comes into view. It is wielding two +0 dire flails.
The ettin shouts in stereo!
You see here 20 gold pieces.
An ettin is nearby!
Found 35 gold pieces.
Found 17 gold pieces.
Found 16 gold pieces.
An orc warrior comes into view. It is wielding a +0 flail.
The orc warrior shouts!
You hear a shout!
An orc comes into view. It is wielding a +0 hand axe.
An orc comes into view. It is wielding a +0 hand axe.
The orc shouts! x2
The orc warrior closely misses you.
You hit the orc warrior. You freeze the orc warrior.
Your tail-slap misses the orc warrior.
The orc warrior is moderately wounded.
The ettin hits you with a +0 dire flail!!
The ettin misses you. The orc warrior barely misses you.
You thump the orc warrior! You freeze the orc warrior.
Your tail-slap misses the orc warrior.
The orc warrior is severely wounded.
The ettin misses you. The ettin closely misses you. The orc barely misses you.
The orc warrior hits you with a +0 flail!
The ettin barely misses you.
The ettin hits you with a +0 dire flail!
Unknown command.
As you read the scroll of teleportation, it crumbles to dust.
You feel strangely unstable. The orc hits you with a +0 hand axe.
The orc warrior hits you with a +0 flail!
* * * LOW HITPOINT WARNING * * *
The ettin misses you. The ettin closely misses you.
The ettin hits you with a +0 dire flail!
* * * LOW HITPOINT WARNING * * *
The ettin hits you with a +0 dire flail!!
You die...

##.##.....#
.####.....### ### ##
#...#.##.###.## #
##.####...#...#
##.####..##.##
#...#.#......#
##...........##
##.#.#.........#
##...##..#....@o##.##
##........#...#Co....#
#........###...o...$##
##........#...##....#
##.....#.###.....$.#..
#....$.....#$.....#.....
##..$.............##....
###..............# ...#
#..$.............. ..


You could see an ettin, an orc warrior and 2 orcs.

Vanquished Creatures
  A kobold demonologist (D:9)
  Psyche (D:9)
  A troll (Orc:1)
  Grinder (D:6)
  Sigmund (D:4)
  2 wyverns
  Menkaure (D:6)
  2 steam dragons (D:7)
  A water moccasin (D:7)
  5 orc warriors
  A black bear (D:5)
  2 necrophages
  4 ogres
  An ice beast (D:5)
  5 centaurs
  A phantom (D:6)
  2 kobold brigands
  Blork the orc (D:4)
  2 bullfrogs
  A wyvern zombie (D:6)
  A scorpion (D:5)
  A wyvern skeleton (D:7)
  2 water moccasin skeletons
  12 wights
  A bullfrog zombie (D:5)
  3 centaur zombies
  A centaur skeleton (D:3)
  4 hounds
  3 orc priests
  4 jellies
  A bullfrog skeleton (D:6)
  3 iguanas
  9 orc wizards
  A killer bee zombie (D:6)
  7 gnolls
  5 adders
  A shadow imp (D:6)
  A white imp (D:7)
  An ufetubus (D:5)
  A worm (D:3)
  A dart slug (D:1)
  48 orcs
  8 endoplasms
  7 giant cockroaches
  11 hobgoblins
  2 jackals (D:3)
  19 kobolds
  9 quokkas
  4 ball pythons
  4 bats
  2 frilled lizards (D:3)
  5 goblins
  9 rats
227 creatures vanquished.

Vanquished Creatures (others)
  A hound (D:6)
1 creature vanquished.

Grand Total: 228 creatures vanquished

Notes
Turn   | Place    | Note
-------+----------+-------------------------------------------
     0 | D:1      | SensoryNuts the Draconian Fighter began the quest for the
                  | Orb.
     0 | D:1      | Reached XP level 1. HP: 19/19 MP: 1/1
   167 | D:1      | Reached XP level 2. HP: 25/26 MP: 2/2
   771 | D:1      | Found a faded altar of an unknown god.
   786 | D:1      | Prayed at the altar of an unknown god.
   786 | D:1      | Became a worshipper of the Shining One
   786 | D:1      | Reached * piety under the Shining One
   960 | D:1      | Reached XP level 3. HP: 20/31 MP: 3/3
  1938 | D:2      | Reached skill level 3 in Long Blades
  2008 | D:3      | Reached XP level 4. HP: 40/40 MP: 4/4
  2025 | D:3      | HP: 2/40 [poisoned by an orc wizard]
  2180 | D:3      | Found Tostruv's Book Shoppe.
  2284 | D:3      | Reached XP level 5. HP: 44/46 MP: 5/5
  2299 | D:3      | Reached ** piety under the Shining One
  2305 | D:3      | Reached skill level 4 in Long Blades
  2766 | D:4      | Noticed Sigmund
  2789 | D:4      | Killed Sigmund
  2790 | D:4      | Reached skill level 5 in Long Blades
  2790 | D:4      | Reached XP level 6. HP: 33/53 MP: 6/6
  2917 | D:4      | Found a stormy altar of Qazlal.
  2986 | D:4      | Noticed Blork the orc
  3002 | D:4      | Killed Blork the orc
  3560 | D:5      | Entered Level 5 of the Dungeon
  3673 | D:5      | Noticed an ice beast
  3678 | D:5      | Killed an ice beast
  3679 | D:5      | Your scales start taking on a lurid green colour.
  3679 | D:5      | Reached XP level 7. HP: 60/60 MP: 7/7
  3679 | D:5      | Gained mutation: Your system is resistant to poisons.
                  | (rPois) [Green Draconian growth]
  3710 | D:5      | Reached skill level 6 in Long Blades
  3919 | D:5      | Reached skill level 1 in Stealth
  4004 | D:5      | Reached skill level 5 in Fighting
  4032 | D:5      | Found a staircase to the Ecumenical Temple.
  4042 | D:5      | Reached skill level 7 in Long Blades
  4042 | D:5      | Reached XP level 8. HP: 67/68 MP: 8/8
  4050 | Temple   | Entered the Ecumenical Temple
  4933 | D:5      | Identified a scroll of acquirement
  4933 | D:5      | Acquired the ring "Rafeoj" {rF+ Int+2 Dex+6}
  5199 | D:6      | Reached skill level 8 in Long Blades
  5331 | D:6      | Reached skill level 5 in Dodging
  5342 | D:6      | Found Otwoth's Book Shoppe.
  5344 | D:6      | Noticed Grinder
  5352 | D:6      | Paralysed by Grinder for 5 turns
  5363 | D:6      | Paralysed by Grinder for 5 turns
  5378 | D:6      | Killed Grinder
  5378 | D:6      | Reached *** piety under the Shining One
  5636 | D:6      | Found a glowing drain.
  5733 | D:6      | Reached XP level 9. HP: 70/77 MP: 9/9
  5799 | D:6      | Noticed Menkaure
  5813 | D:6      | Killed Menkaure
  5814 | D:6      | Reached skill level 9 in Long Blades
  6715 | D:7      | Got Onlaem's Disquisition on Weightlessness
  7300 | D:7      | Reached skill level 10 in Long Blades
  7300 | D:7      | Reached skill level 5 in Shields
  8086 | D:8      | Reached **** piety under the Shining One
  8407 | D:9      | Reached XP level 10. HP: 28/86 MP: 10/10
  8708 | D:9      | Reached skill level 1 in Maces & Flails
  9064 | D:9      | Found a staircase to the Orcish Mines.
  9338 | D:9      | Identified the +2 leather armour of Zin's Supremacy {Str+4
                  | Int+2}
  9409 | D:9      | Noticed Psyche
  9415 | D:9      | Killed Psyche
  9959 | Orc:1    | Entered Level 1 of the Orcish Mines
 10285 | Orc:1    | Noticed an ettin
 10307 | Orc:1    | Demolished by an ettin

Illustrated notes

Levels and vault maps discovered:
D:1:      shiori_arrival_maze, layout_basic,
          shapermc_ecumenical_altar_starsandcircs
D:2:      layout_loops_ring, kennysheep_path_1
D:3:      layout_rooms, serial_shops, shop, kennysheep_generic_room_7
D:4:      layout_rooms, nicolae_qazlal_general_emergency, uniq_blork_the_orc,
          uniq_sigmund
D:5:      layout_basic, minmay_temple_entry_glassed_door
D:6:      layout_cave_pools, portal_sewer_entry_f, nicolae_stop_n_shop_1,
          nicolae_elevator_lobby_asterisk, uniq_menkaure, uniq_grinder
D:7:      layout_basic
D:8:      layout_basic
D:9:      layout_basic, hiddenorc1_lemuel, grunt_ministairs_7, uniq_psyche
Temple:   mainiacjoe_temple_circle_huts
Orc:1:    layout_caves, ebering_ghost_xom

Skill      XL: |  1  2  3  4  5  6  7  8  9 10 |
---------------+-------------------------------+-----
Dodging        | 3 4 5 6 |  6.3
Long Blades    | 3 5 7 8 10 | 10.8
Fighting       | 4 5 6 7 |  7.9
Stealth        | 1 2 |  2.7
Shields        | 4 5 |  5.2
Maces & Flails | 4 |  4.9

Action                   |  1- 3 |  4- 6 |  7- 9 | 10-12 || total
-------------------------+-------+-------+-------+-------++-------
Melee: Long sword        |   102 |   112 |   302 |       ||   516
       Tailslap          |    10 |     8 |    59 |    13 ||    90
       Dire flail        |       |       |    16 |    93 ||   109
 Abil: Breathe Noxious F |       |       |     9 |     3 ||    12
  Use: Potion            |       |     5 |     3 |     3 ||    11
       Scroll            |       |     4 |     6 |     3 ||    13
Armor: Skin              |    27 |    32 |    82 |    27 ||   168
Dodge: Dodged            |    54 |    61 |   179 |    85 ||   379
Block: Buckler           |    14 |    29 |    70 |       ||   113

Table legend: (Time is in decaauts)
 A = Elapsed time spent in this place.
 B = Non-inter-level travel time spent in this place.
 C = Inter-level travel time spent in this place.
 D = Time resting spent in this place.
 E = Time spent auto-exploring this place.
 F = Levels seen in this place.
 G = Mean time per level.
                   A        B        C        D        E       F      G
               +--------+--------+--------+--------+--------+-----+--------+
         Total |  10343 |  10343 |      0 |      0 |   8118 |  11 |  940.3 |
       Dungeon |   9551 |   9551 |      0 |      0 |   7541 |   9 | 1061.2 |
        Temple |    441 |    441 |      0 |      0 |    309 |   1 |  441.0 |
  Orcish Mines |    349 |    349 |      0 |      0 |    268 |   1 |  349.0 |
               +--------+--------+--------+--------+--------+-----+--------+

Top non-repeatable levels by time:
     D:9: 1632 daAuts
     D:7: 1381 daAuts
     D:1: 1372 daAuts
     D:6: 1167 daAuts
     D:5: 1132 daAuts
     D:4: 850 daAuts
     D:3: 752 daAuts
     D:2: 643 daAuts
     D:8: 619 daAuts
  Temple: 441 daAuts
   Orc:1: 349 daAuts
